 Dungeon Crawl Stone Soup version 0.26.0-57-g60708a5e39 (webtiles) character file.

Game seed: 4865920772295551714

56 Gadfly the Cudgeller (level 3, 0/36 HPs)
             Began as an Ogre Gladiator on Feb 2, 2021.
             Succumbed to an adder's poison
             ... on level 2 of the Dungeon.
             The game lasted 00:03:33 (1506 turns).

Gadfly the Cudgeller (Ogre Gladiator)               Turns: 1506, Time: 00:03:34

Health: 0/36       AC:  3    Str: 19    XL:     3   Next: 95%
Magic:  4/4        EV: 10    Int: 15    God:
Gold:   52         SH:  0    Dex: 10    Spells: 2/2 levels left

rFire    . . .     SeeInvis .   b - +1 dagger (venom)
rCold    . . .     Faith    .   (no shield)
rNeg     . . .     Spirit   .   e - +0 robe
rPois    .         Reflect  .   c - +0 hat
rElec    .         Harm     .   (no cloak)
rCorr    .         Rampage  .   (gloves unavailable)
Will     .....                  (boots unavailable)
Stlth    +.........             (no amulet)
HPRegen  0.12/turn              l - +6 ring of intelligence
MPRegen  0.09/turn              (no ring)

@: lethally poisoned (0 -> -2), flying
A: large, unfitting armour, tough skin 1
a: no special abilities


You were on level 2 of the Dungeon.
You visited 1 branch of the dungeon, and saw 2 of its levels.

You collected 52 gold pieces.

Inventory:

Hand Weapons
 a - a +0 flail
 b - a +1 dagger of venom (weapon)
Missiles
 d - 3 throwing nets
 h - 7 boomerangs (quivered)
 j - 2 silver boomerangs
Armour
 c - a +0 hat (worn)
 e - a +0 robe (worn)
Jewellery
 l - a +6 ring of intelligence (left hand)
Scrolls
 g - 2 scrolls of identify


   Skills:
 - Level 2.6 Fighting
 + Level 2.8 Maces & Flails
 + Level 2.2 Throwing
 * Level 1.3 Armour
 - Level 2.6 Dodging
 * Level 1.5 Invocations
 * Level 1.2 Evocations


You had 2 spell levels left.
You didn't know any spells.
Your spell library was empty.

Dungeon Overview and Level Annotations

Branches:
Dungeon (2/15)

Altars:
Vehumet


Innate Abilities, Weirdness & Mutations

You are too large for most types of armour.
You have tough skin. (AC +1)


Message History

You feel sick.
* * * LOW HITPOINT WARNING * * *
You feel sick.
A phantom comes into view.
A rat comes into view.
* * * LOW HITPOINT WARNING * * *
You feel sick.
As you read the scroll labelled NEOSTR YHUOFU, it crumbles to dust.
It is a scroll of amnesia.
You feel forgetful for a moment.
As you read the scroll of teleportation, it crumbles to dust.
You feel strangely unstable.
* * * LOW HITPOINT WARNING * * *
You feel sick.
The rat twitches its whiskers.
Your surroundings suddenly seem different.
* * * LOW HITPOINT WARNING * * *
You feel sick.
There is a lethal amount of poison in your body!
There is a lethal amount of poison in your body!
You die...

..#### #.#...#####.....#
#.(..# #.#.............#
#.#..# #.#...#.####....#
#.....
####.##..#.#.......#######...
.........#.#.#.#..).))(...(##
.......#.#.....##############
.......#>............### #_
.......#.######........# ##
.......#....@..........# #
.......###.............#
....... #.####........#
....... #.# #........# #.#
#........# #.####........#
#.......####### #########


There were no monsters in sight!

Vanquished Creatures
  An adder (D:2)
  3 dart slugs (D:1)
  A leopard gecko (D:1)
  A giant cockroach (D:1)
  6 hobgoblins
  4 jackals (D:1)
  A ball python (D:1)
  4 bats (D:1)
  2 frilled lizards (D:1)
  6 goblins
  6 kobolds (D:1)
  5 rats (D:1)
40 creatures vanquished.

Notes
Turn   | Place    | Note
-------+----------+-------------------------------------------
     0 | D:1      | Gadfly the Ogre Gladiator began the quest for the Orb.
     0 | D:1      | Reached XP level 1. HP: 22/22 MP: 1/1
   272 | D:1      | Reached XP level 2. HP: 29/29 MP: 2/2
   502 | D:1      | Reached skill level 1 in Invocations
   615 | D:1      | Reached XP level 3. HP: 36/36 MP: 3/3
   651 | D:1      | Reached skill level 1 in Armour
   821 | D:1      | Reached skill level 1 in Evocations
  1171 | D:2      | Found a radiant altar of Vehumet.
  1328 | D:2      | Found a faded altar of an unknown god.
  1497 | D:2      | Noticed a phantom
  1502 | D:2      | HP: 1/36 [poisoned by an adder]
  1506 | D:2      | Succumbed to an adder's poison

Illustrated notes

Levels and vault maps discovered:
D:1:      sevenhm_arrival_forest_fort_large_3, layout_loops_ring,
          minmay_misc_feat_square
D:2:      layout_basic, marbit_many_paths, chequers_ecumenical_altar_twisty,
          uniq_natasha

Skill      XL: |  1  2  3 |
---------------+----------+-----
Invocations    | 1 |  1.5
Armour         | 1 |  1.3
Evocations     | 1 |  1.2
Fighting       | |  2.6
Maces & Flails | |  2.8
Throwing       | |  2.2
Dodging        | |  2.6

Action                   || total
-------------------------++-------
Melee: Flail             ||   107
       Dagger            ||    16
Throw: Boomerang         ||     2
  Use: Scroll            ||     8
       Potion            ||     1
 Stab: Sleeping          ||     1
Armor: Robe              ||    42
Dodge: Dodged            ||    83
